 Dungeon Crawl Stone Soup version 0.22-a0-533-g4d20840 (webtiles) character file.

936 kae the Insei (level 7, -6/52 HPs)
             Began as a Demonspawn Transmuter on June 22, 2018.
             Splashed by a jelly's acid (12 damage)
             ... on level 5 of the Dungeon.
             The game lasted 00:04:52 (6036 turns).

kae the Insei (Demonspawn Transmuter)               Turns: 6036, Time: 00:04:53

Health: -6/52      AC:  3    Str: 11    XL:     7   Next: 87%
Magic:  12/12      EV: 10    Int: 14    God:
Gold:   171        SH:  0    Dex: 15    Spells: 2/13 levels left

rFire    . . .     SeeInvis .   g - +2 whip
rCold    . . .     Gourm    +   (no shield)
rNeg     . . .     Faith    .   n - +0 ring mail
rPois    .         Spirit   .   (no helmet)
rElec    .         Reflect  .   y - +1 cloak
rCorr    .         Harm     .   m - +0 pair of gloves
MR       +....                  p - +2 pair of boots {run}
Stlth    +.........             l - amulet of the gourmand
HPRegen  0.17/turn              x - ring of protection from magic
MPRegen  0.13/turn              o - ring of wizardry

@: corroded, quick
A: claws 2, foul stench 1, spiny 1, rot immunity
a: no special abilities


You were on level 5 of the Dungeon.
You were completely stuffed.

You visited 1 branch of the dungeon, and saw 5 of its levels.

You collected 171 gold pieces.

Inventory:

Hand Weapons
 g - a +2 whip (weapon)
Missiles
 b - 13 arrows
Armour
 m - a +0 pair of gloves (worn)
 n - a +0 ring mail (worn)
 p - a +2 pair of boots of running (worn)
 y - a +1 cloak (worn)
Jewellery
 l - an amulet of the gourmand (around neck)
 o - a ring of wizardry (right hand)
 x - a ring of protection from magic (left hand)
 z - an uncursed amulet of harm {unknown}
 A - a +6 amulet of reflection {unknown}
Wands
 v - a wand of acid (7)
Scrolls
 a - a scroll of enchant weapon
 f - 6 scrolls of blinking
 q - a scroll of remove curse
 s - a scroll of teleportation
 t - a scroll of amnesia
 B - a scroll of fog
Potions
 c - a potion of ambrosia {unknown}
 e - 3 potions of haste
 h - a potion of flight
 i - a potion of degeneration {unknown}
 j - 2 potions of curing {unknown}
 k - a potion of lignification
 r - 2 potions of might {unknown}
 u - a potion of mutation {unknown}
 w - a potion of agility {unknown}
Comestibles
 d - 9 rations


   Skills:
 + Level 3.4 Fighting
 - Level 1.7 Dodging
 * Level 5.5 Unarmed Combat
 + Level 3.8 Spellcasting
 * Level 5.0 Transmutations


You had 2 spell levels left.
You knew the following spells:

 Your Spells              Type           Power        Failure   Level  Hunger
a - Beastly Appendage     Tmut           ###...       2%          1    None
b - Sticks to Snakes      Tmut           ###.....     3%          2    ##.....
c - Spider Form           Tmut/Pois      #.........   21%         3    ###....
d - Blade Hands           Tmut           ###.......   52%         5    ######.

Your spell library contained the following spells:

 Spells                   Type           Power        Failure   Level  Hunger
 Confuse                  Hex            #.......     47%         3    ###....
 Tukima's Dance           Hex            #.......     47%         3    ###....
 Ice Form                 Ice/Tmut       #.......     52%         4    ####...
 Ensorcelled Hibernation  Hex/Ice        #.....       28%         2    ##.....
 Corona                   Hex            #......      19%         1    None
 Dazzling Spray           Conj/Hex       #.....       47%         3    ###....


Dungeon Overview and Level Annotations

Branches:
Dungeon (5/15)
 Temple: D:4-7

Altars:


Innate Abilities, Weirdness & Mutations

You have very sharp fingernails.
You may emit foul miasma when damaged in melee.
You are partially covered in sharp spines.
You are immune to rotting.


Message History

The jelly hits you but does no damage.
You barely miss the jelly.
The jelly is severely wounded.
The jelly hits you but does no damage.
You hit the jelly.
Your hands burn!
The jelly is severely wounded.
The jelly hits you but does no damage.
You hit the jelly but do no damage.
Your hands burn!
The jelly is severely wounded.
The jelly hits you but does no damage. x2
You hit the jelly but do no damage. The acid corrodes you!
Your hands burn!
The jelly is severely wounded.
The jelly hits you.
You are splashed with acid!
The acid burns!
* * * LOW HITPOINT WARNING * * *
Your ring mail prevents you from hitting the jelly.
The jelly is severely wounded.
The jelly hits you.
* * * LOW HITPOINT WARNING * * *
The acid corrodes you!
You are splashed with acid!
The acid burns!
You die...

#########
......J.# #@#
#.# .> #.# .#
#.# .#
############.#
.#
#..........).#
.#
#.############
.# .#.#
.##.#.#.#


You could see a jelly.

Vanquished Creatures
  An ice beast (D:3)
  A phantom (D:4)
  2 ogres
  A centaur (D:5)
  A bullfrog (D:4)
  A scorpion (D:4)
  A howler monkey (D:5)
  3 hounds (D:4)
  An orc priest (D:5)
  2 worker ants (D:4)
  A hound skeleton (D:3)
  A gnoll (D:4)
  10 adders
  4 oozes
  An adder skeleton (D:4)
  2 worms
  2 dart slugs (D:2)
  2 leopard geckos
  6 orcs
  5 giant cockroaches
  7 goblins
  4 hobgoblins
  4 jackals (D:1)
  4 kobolds
  2 quokkas
  6 bats
  3 frilled lizards
  5 rats
83 creatures vanquished.

Vanquished Creatures (collateral kills)
  A worker ant (D:4)
  An adder (D:2)
  A leopard gecko skeleton (D:4)
3 creatures vanquished.

Grand Total: 86 creatures vanquished

Notes
Turn   | Place    | Note
-------+----------+-------------------------------------------
     0 | D:1      | kae the Demonspawn Transmuter began the quest for the Orb.
     0 | D:1      | Reached XP level 1. HP: 15/15 MP: 3/3
   377 | D:1      | Gained mutation: You have sharp fingernails. [demonic ancestry]
   377 | D:1      | Reached XP level 2. HP: 15/21 MP: 3/5
   399 | D:1      | Learned a level 2 spell: Sticks to Snakes
  1347 | D:2      | Gained mutation: You are immune to rotting. [demonic ancestry]
  1347 | D:2      | Reached XP level 3. HP: 20/26 MP: 6/6
  1418 | D:2      | Identified a +0 pair of boots of running (You found it on level 2 of the Dungeon)
  2067 | D:2      | Gained mutation: You may emit foul miasma when damaged in melee. [demonic ancestry]
  2067 | D:2      | Reached XP level 4. HP: 18/33 MP: 7/7
  2791 | D:3      | Noticed an ice beast
  2821 | D:3      | Killed an ice beast
  2821 | D:3      | Gained mutation: You have very sharp fingernails. [demonic ancestry]
  2821 | D:3      | Reached XP level 5. HP: 32/38 MP: 7/9
  3813 | D:4      | Gained mutation: You are partially covered in sharp spines. [demonic ancestry]
  3813 | D:4      | Reached XP level 6. HP: 35/45 MP: 10/10
  4904 | D:4      | Reached XP level 7. HP: 38/52 MP: 10/12
  4914 | D:4      | Reached skill level 5 in Unarmed Combat
  5240 | D:5      | Entered Level 5 of the Dungeon
  5851 | D:5      | Learned a level 3 spell: Spider Form
  5857 | D:5      | Learned a level 5 spell: Blade Hands
  5884 | D:5      | Reached skill level 5 in Transmutations
  6036 | D:5      | Splashed by a jelly's acid

Vault maps used:
D:1:      eino_arrival_cavern_b
D:2:      first_ration
D:3:      dk_noncrumbling_4, grunt_ministairs_10, minmay_item_behind_shaft
D:4:      grunt_ministairs_6, cheibrodos_gnoll_hut
D:5:      portal_sewer_entry_e

Skill      XL: |  1  2  3  4  5  6  7 |
---------------+----------------------+-----
Transmutations | 2 3 4 5 |  5.0
Unarmed Combat | 3 4 5 |  5.5
Fighting       | 2 3 |  3.4
Spellcasting   | 3 |  3.8
Dodging        | |  1.7

Action                   |  1- 3 |  4- 6 |  7- 9 || total
-------------------------+-------+-------+-------++-------
Melee: Whip              |   145 |   210 |    56 ||   411
       Unarmed           |    10 |       |     6 ||    16
       Kick              |     3 |       |       ||     3
       Headbutt          |     3 |    10 |     4 ||    17
       Punch             |     4 |     3 |       ||     7
 Cast: Beastly Appendage |    10 |    10 |     4 ||    24
       Sticks to Snakes  |     1 |     7 |     5 ||    13
       Spider Form       |       |       |     1 ||     1
  Use: Scroll            |       |     8 |     4 ||    12
       Potion            |       |     3 |       ||     3
  Eat: Chunk             |     4 |    18 |     4 ||    26
Armor: Robe              |     8 |       |       ||     8
       Ring mail         |    53 |    93 |    28 ||   174
       Skin              |       |    13 |       ||    13
Dodge: Dodged            |   107 |   120 |    32 ||   259

Table legend:
 A = Spawn XP
 B = Non-spawn XP
 C = Spawn XP percentage of total XP
 D = Spawn monster count
 E = Non-spawn monster count
 F = Spawn count percentage of total count
 G = Total turns spent on level
                    A         B        C        D         E        F      G
               +---------+---------+-------+---------+---------+-------+---------
         Total |       0 |    1338 |   0.0 |       0 |      86 |   0.0 |  6036
               +---------+---------+-------+---------+---------+-------+---------
           D:1 |       0 |      22 |   0.0 |       0 |      14 |   0.0 |  1165
           D:2 |       0 |     118 |   0.0 |       0 |      20 |   0.0 |  1587
           D:3 |       0 |     230 |   0.0 |       0 |      23 |   0.0 |  1050
           D:4 |       0 |     604 |   0.0 |       0 |      15 |   0.0 |  1745
           D:5 |       0 |     364 |   0.0 |       0 |      14 |   0.0 |   489
               +---------+---------+-------+---------+---------+-------+---------
